 Dungeon Crawl Stone Soup version 0.28.0-1-gb440e238dd (webtiles) character file.

Game seed: 14195296688867821037

1952 Crownlay the Chiller (level 9, 0/65 HPs)
             Began as a Gnoll Ice Elementalist on Feb 19, 2022.
             Slain by a hornet zombie (3 damage)
             ... on level 6 of the Dungeon.
             The game lasted 00:10:07 (6309 turns).

Crownlay the Chiller (Gnoll Ice Elementalist)       Turns: 6309, Time: 00:10:07

Health: 0/65       AC:  0    Str:  8    XL:     9   Next: 18%
Magic:  0/18       EV: 14    Int: 19    God:
Gold:   180        SH:  0    Dex: 12    Spells: 10/21 levels left

rFire   + . .      SeeInvis .   d - +2 short sword (venom)
rCold   . . .      Faith    .   (no shield)
rNeg    . . .      Spirit   +   a - +0 robe
rPois   .          Reflect  .   A - +2 hat
rElec   .          Harm     .   (no cloak)
rCorr   .          Rampage  .   (no gloves)
Will    .....                   (no boots)
Stlth   +++.......              f - amulet of guardian spirit
HPRegen 0.20/turn               l - ring of protection from fire
MPRegen 0.16/turn               (no ring)

@: corroded
A: fangs 1, strong nose, distributed training
a: no special abilities


You were on level 6 of the Dungeon.
You visited 1 branch of the dungeon, and saw 7 of its levels.

You collected 180 gold pieces.

Inventory:

Hand Weapons
 d - a +2 short sword of venom (weapon)
Missiles
 t - 2 boomerangs (quivered)
 y - a throwing net
Armour
 a - a +0 robe (worn)
 A - a +2 hat (worn)
 F - a +1 leather armour of fire resistance
Magical Staves
 e - a staff of fire
Jewellery
 f - an amulet of guardian spirit (around neck)
 l - a ring of protection from fire (left hand)
 D - a +6 ring of dexterity
Wands
 m - a wand of iceblast (5)
Scrolls
 b - a scroll of fog
 g - 4 scrolls of magic mapping
 h - 2 scrolls of teleportation
 j - a scroll of identify
 k - a scroll of blinking {unknown}
 p - a scroll of immolation {unknown}
 v - a scroll of enchant armour {unknown}
 w - 3 scrolls of amnesia
 z - 3 scrolls of fear {unknown}
 B - a scroll of noise {unknown}
 C - a scroll of enchant weapon {unknown}
Potions
 c - a potion of flight {unknown}
 i - a potion of lignification {unknown}
 n - 2 potions of haste {unknown}
 o - a potion of magic {unknown}
 q - a potion of degeneration {unknown}
 r - a potion of ambrosia {unknown}
 s - 2 potions of attraction
 x - a potion of invisibility {unknown}
 E - a potion of brilliance {unknown}


   Skills:
 + Level 4.0 Fighting
 + Level 4.0 Short Blades
 + Level 4.0 Long Blades
 + Level 4.0 Axes
 + Level 4.0 Maces & Flails
 + Level 4.0 Polearms
 + Level 4.0 Staves
 + Level 4.0 Slings
 + Level 4.0 Bows
 + Level 4.0 Crossbows
 + Level 4.0 Throwing
 + Level 4.0 Armour
 + Level 6.1 Dodging
 + Level 5.8 Stealth
 + Level 4.0 Shields
 + Level 4.0 Unarmed Combat
 + Level 6.5 Spellcasting
 + Level 3.3 Conjurations
 + Level 3.3 Hexes
 + Level 3.3 Summonings
 + Level 3.3 Necromancy
 + Level 3.3 Translocations
 + Level 3.3 Transmutations
 + Level 3.3 Fire Magic
 + Level 7.9 Ice Magic
 + Level 3.3 Air Magic
 + Level 3.3 Earth Magic
 + Level 3.3 Poison Magic
 + Level 4.4 Invocations
 + Level 4.0 Evocations


You had 10 spell levels left.
You knew the following spells:

 Your Spells              Type           Power      Damage    Failure   Level
a - Freeze                Ice            100%       1d11      1%          1
b - Frozen Ramparts       Ice            72%        1d9       1%          3
c - Ozocubu's Armour      Ice            36%        N/A       1%          3
d - Hailstorm             Conj/Ice       27%        3d7       11%         4

Your spell library contained the following spells:

 Spells                   Type           Power      Damage    Failure   Level
 Shock                    Conj/Air       72%        1d7       2%          1
 Dazzling Flash           Conj/Hex       36%        N/A       9%          3
 Swiftness                Air            18%        N/A       9%          3
 Airstrike                Air            9%         N/A       26%         4
 Iskenderun's Mystic Bla  Conj/Tloc      18%        2d6       26%         4
 Starburst                Conj/Fire      9%         6d5       99%         6


Dungeon Overview and Level Annotations

Branches:
Dungeon (7/15)
 Temple: D:4-7

Altars:
Makhleb

Shops:
D:3 (

Annotations:
D:3 2 transporters


Innate Abilities, Weirdness & Mutations

You have very sharp teeth.
Your uncanny sense of smell can sniff out nearby items.
Your experience applies equally to all skills.


Message History

You barely miss the white imp.
The white imp is heavily wounded.
The white imp resists.
The wall freezes the white imp.
The white imp gestures at you. The puff of frost hits you.
* * * LOW HITPOINT WARNING * * *
The hornet zombie completely resists.
The wall freezes the hornet zombie but does no damage.
The hornet zombie hits you!
* * * LOW HITPOINT WARNING * * *
You feel better.
The frozen ramparts melt away.
The hornet zombie closely misses you. The white imp closely misses you.
A phantom comes into view.
Press: ? - help, v - describe, . - travel A rock wall.
Casting: Frozen Ramparts (safe; 1% risk of failure)
Confirm with . or Enter, or press ? or * to list all spells.
Okay, then.
Casting: Frozen Ramparts (safe; 1% risk of failure)
Confirm with . or Enter, or press ? or * to list all spells.
You don't have enough magic to cast this spell.
You hit the white imp but do no damage. Your bite misses the white imp.
The white imp is almost dead.
You kill the white imp!
The hornet zombie hits you!
* * * LOW HITPOINT WARNING * * *
You hit the hornet zombie but do no damage.
The hornet zombie is heavily damaged.
The hornet zombie barely misses you. The hornet zombie hits you.
* * * LOW HITPOINT WARNING * * *
You hit the hornet zombie.
The hornet zombie is severely damaged.
The hornet zombie completely misses you.
Your icy armour will break if you move.
Continue?
Your icy armour cracks and falls away as you move.
Things that are here:
a +0 club; a scroll of fog; a gnoll corpse
Items here: ( ) ††.
The hornet zombie hits you.
You die...

#..######.# #.# ##.#..#
#.........# #.# #<###..
##.######## #.# ##.#..#
#### ##### #.# ##.#.# ##.#
#...# #.# #.#.# ∆
#.W##+.8.# #.# #.#.#
#'##)†#...# #.# #.#.#
..#..#Z#...###.# #.#.# ∆#..
#.###@.8.'.#.# #.#.# #.
.'##..#...#...#####.#.# ..
..##...#...###....)..#..
.....#...#+.8.#............
... +..# #...#############
## ### #####


You could see a phantom and a hornet zombie.

Vanquished Creatures
  A gargoyle (D:5)
  2 water moccasins (D:6)
  An acid dragon (D:6)
  An ice beast (D:5)
  An ogre (D:4)
  3 necrophages
  2 centaurs (D:6)
  A phantom (D:4)
  A scorpion (D:4)
  A howler monkey (D:6)
  A centaur zombie (D:6)
  2 jellies
  3 orc priests
  Terence (D:3)
  An iguana (D:6)
  3 orc wizards
  A hound zombie (D:5)
  A hound skeleton (D:4)
  4 gnolls
  7 adders
  A white imp (D:6)
  2 ufetubi (D:4)
  2 worms
  2 dart slugs
  19 orcs
  9 ball pythons
  10 endoplasms
  5 giant cockroaches
  2 goblins
  9 hobgoblins
  4 jackals (D:1)
  7 kobolds
  3 quokkas
  4 bats
  3 frilled lizards
  7 rats
127 creatures vanquished.

Vanquished Creatures (others)
  An orc (D:6)
1 creature vanquished.

Grand Total: 128 creatures vanquished

Notes
Turn   | Place    | Note
-------+----------+-------------------------------------------
     0 | D:1      | Crownlay the Gnoll Ice Elementalist began the quest for the
                  | Orb.
     0 | D:1      | Reached XP level 1. HP: 13/13 MP: 6/6
    92 | D:1      | Reached XP level 2. HP: 15/19 MP: 2/7
   772 | D:1      | Reached XP level 3. HP: 25/25 MP: 7/9
   776 | D:1      | Learned a level 3 spell: Frozen Ramparts
   780 | D:1      | Learned a level 3 spell: Ozocubu's Armour
   854 | D:1      | Reached skill level 5 in Spellcasting
  1703 | D:2      | Reached skill level 1 in Invocations
  1847 | D:2      | Reached skill level 1 in Fighting
  1847 | D:2      | Reached skill level 1 in Short Blades
  1847 | D:2      | Reached skill level 1 in Long Blades
  1847 | D:2      | Reached skill level 1 in Axes
  1847 | D:2      | Reached skill level 1 in Maces & Flails
  1847 | D:2      | Reached skill level 1 in Polearms
  1847 | D:2      | Reached skill level 1 in Staves
  1847 | D:2      | Reached skill level 1 in Slings
  1847 | D:2      | Reached skill level 1 in Bows
  1847 | D:2      | Reached skill level 1 in Crossbows
  1847 | D:2      | Reached skill level 1 in Throwing
  1847 | D:2      | Reached skill level 1 in Armour
  1847 | D:2      | Reached skill level 1 in Shields
  1847 | D:2      | Reached skill level 1 in Unarmed Combat
  1847 | D:2      | Reached skill level 1 in Evocations
  1917 | D:2      | Found a faded altar of an unknown god.
  1989 | D:2      | Reached XP level 4. HP: 18/32 MP: 6/11
  2424 | D:3      | Reached skill level 1 in Conjurations
  2424 | D:3      | Reached skill level 1 in Hexes
  2424 | D:3      | Reached skill level 1 in Summonings
  2424 | D:3      | Reached skill level 1 in Necromancy
  2424 | D:3      | Reached skill level 1 in Translocations
  2424 | D:3      | Reached skill level 1 in Transmutations
  2424 | D:3      | Reached skill level 1 in Fire Magic
  2424 | D:3      | Reached skill level 1 in Air Magic
  2424 | D:3      | Reached skill level 1 in Earth Magic
  2424 | D:3      | Reached skill level 1 in Poison Magic
  2533 | D:3      | Found a transporter.
  2533 | D:3      | Found a transporter.
  2603 | D:3      | Found Waoddipp's Weapon Boutique.
  2845 | D:3      | Noticed an ancient zyme
  2891 | D:3      | Noticed Terence
  2902 | D:3      | Killed Terence
  2903 | D:3      | Reached XP level 5. HP: 25/37 MP: 1/12
  3082 | D:4      | Found a burning altar of Makhleb.
  3144 | D:4      | Noticed an ogre
  3158 | D:4      | Killed an ogre
  3159 | D:4      | Reached XP level 6. HP: 10/44 MP: 0/13
  3719 | D:4      | Reached skill level 5 in Dodging
  4193 | D:4      | Noticed a necrophage
  4204 | D:4      | Killed a necrophage
  4205 | D:4      | Reached XP level 7. HP: 37/50 MP: 7/15
  4790 | D:4      | Reached skill level 5 in Stealth
  4842 | D:5      | Entered Level 5 of the Dungeon
  4845 | D:5      | Noticed a gargoyle
  4862 | D:5      | Killed a gargoyle
  4863 | D:5      | Reached XP level 8. HP: 39/58 MP: 5/16
  4978 | D:5      | Learned a level 4 spell: Hailstorm
  5424 | D:5      | You fall into a shaft and drop 2 floors!
  6190 | D:6      | Reached XP level 9. HP: 65/65 MP: 10/18
  6305 | D:6      | HP: 2/65 [hornet zombie (4)]
  6309 | D:6      | Slain by a hornet zombie

Illustrated notes

Levels and vault maps discovered:
D:1:      dpeg_arrival_arbitrary_b, layout_basic, minivault_11,
          serial_park_tiny_2
D:2:      layout_basic, chequers_ecumenical_altar_grove
D:3:      layout_rooms, serial_shops, nicolae_shop_bloodbath_and_beyond,
          gammafunk_ghost_abyssal_escape, uniq_terence
D:4:      layout_rooms, mainiacjoe_overflow_catwalk, supply_closet_lemuel,
          st_stairs_6, hangedman_minor_gate_pass
D:5:      layout_cave_pods, minmay_temple_entry_junction
D:6:      minmay_chambers_of_threes, layout_loops_ring
D:7:      layout_basic, nicolae_dithmenos_through_a_glass_darkly,
          lemuel_zombie_altar_yredelemnul, fedhas_bush_and_centaur_altar

Skill      XL: |  1  2  3  4  5  6  7  8  9 |
---------------+----------------------------+-----
Spellcasting   | 5 6 |  6.5
Invocations    | 1 2 3 4 |  4.4
Fighting       | 1 2 3 4 |  4.0
Short Blades   | 1 2 3 4 |  4.0
Long Blades    | 1 2 3 4 |  4.0
Axes           | 1 2 3 4 |  4.0
Maces & Flails | 1 2 3 4 |  4.0
Polearms       | 1 2 3 4 |  4.0
Staves         | 1 2 3 4 |  4.0
Slings         | 1 2 3 4 |  4.0
Bows           | 1 2 3 4 |  4.0
Crossbows      | 1 2 3 4 |  4.0
Throwing       | 1 2 3 4 |  4.0
Armour         | 1 2 3 4 |  4.0
Shields        | 1 2 3 4 |  4.0
Unarmed Combat | 1 2 3 4 |  4.0
Evocations     | 1 2 3 4 |  4.0
Conjurations   | 1 2 3 |  3.3
Hexes          | 1 2 3 |  3.3
Summonings     | 1 2 3 |  3.3
Necromancy     | 1 2 3 |  3.3
Translocations | 1 2 3 |  3.3
Transmutations | 1 2 3 |  3.3
Fire Magic     | 1 2 3 |  3.3
Air Magic      | 1 2 3 |  3.3
Earth Magic    | 1 2 3 |  3.3
Poison Magic   | 1 2 3 |  3.3
Dodging        | 5 6 |  6.1
Stealth        | 5 |  5.8
Ice Magic      | |  7.9

Action                   |  1- 3 |  4- 6 |  7- 9 || total
-------------------------+-------+-------+-------++-------
Melee: Unarmed           |     8 |       |       ||     8
       Bite              |     7 |    14 |    20 ||    41
       Short sword       |    38 |   119 |   133 ||   290
       Punch             |     1 |     1 |     5 ||     7
Throw: Boomerang         |       |     2 |    26 ||    28
 Cast: Freeze            |    34 |     1 |       ||    35
       Frozen Ramparts   |     1 |    11 |    18 ||    30
       Ozocubu's Armour  |     1 |     5 |    10 ||    16
  Use: Scroll            |       |     4 |     2 ||     6
       Potion            |       |       |     2 ||     2
 Stab: Sleeping          |     2 |     6 |       ||     8
       Distracted        |       |       |     1 ||     1
Armor: Robe              |    10 |    15 |    44 ||    69
Dodge: Dodged            |    40 |    75 |   105 ||   220
